 Dungeon Crawl Stone Soup version 0.22-a0-756-gc33bbe721d (webtiles) character file.

399 Chiseanne the Skirmisher (level 6, 0/51 HPs)
             Began as a Demonspawn Wanderer on July 16, 2018.
             Slain by a bullfrog (5 damage)
             ... in a sewer.
             The game lasted 00:07:59 (3241 turns).

Chiseanne the Skirmisher (Demonspawn Wanderer)      Turns: 3241, Time: 00:08:00

Health: 0/51       AC:  6    Str: 14    XL:     6   Next: 54%
Magic:  9/9        EV: 16    Int: 20    God:
Gold:   114        SH:  0    Dex: 13    Spells: 9/9 levels left

rFire    . . .     SeeInvis .   s - +2 quarterstaff (chaos)
rCold    . . .     Gourm    .   (shield currently unavailable)
rNeg     . . .     Faith    .   i - +0 ring mail
rPois    .         Spirit   .   (no helmet)
rElec    .         Reflect  .   h - +0 cloak
rCorr    .         Harm     .   (no gloves)
MR       .....                  (no boots)
Stlth    +.........             (no amulet)
HPRegen  0.17/turn              (no ring)
MPRegen  0.11/turn              (no ring)

@: brilliant, repel missiles
A: repulsion field 3, powered by pain 1, screaming 1, strong 1, subdued magic 1,
MP-powered wands
a: no special abilities


You were in a sewer.
You were not hungry.

You visited 1 branch of the dungeon, and saw 3 of its levels.
You also visited: Sewer.

You collected 114 gold pieces.

Inventory:

Hand Weapons
 a - a +2 short sword
 s - a +2 quarterstaff of chaos (weapon)
Missiles
 d - 15 sling bullets
 m - 85 stones (quivered)
 o - 33 bolts
Armour
 h - a +0 cloak (worn)
 i - a +0 ring mail (worn)
Jewellery
 p - an uncursed ring of ice
 u - a +2 ring of strength {unknown}
Wands
 c - a wand of random effects (15)
Scrolls
 e - a scroll of identify
 k - 2 scrolls of remove curse
 q - 4 scrolls of amnesia
Comestibles
 f - 8 rations
 j - 2 chunks of flesh


   Skills:
 * Level 5.0 Fighting
 - Level 1.0 Short Blades
 * Level 3.1 Armour
 * Level 3.6 Dodging
 - Level 2.0 Spellcasting
   Level 1.1 Necromancy
 - Level 2.0 Evocations


You had 9 spell levels left.
You didn't know any spells.
Your spell library was empty.

Dungeon Overview and Level Annotations

Branches:
Dungeon (3/15)

Altars:
Vehumet


Innate Abilities, Weirdness & Mutations

You are surrounded by a strong repulsion field. (EV +4, RMsl)
You sometimes gain a little power by taking damage.
You occasionally shout uncontrollably at your foes.
Your muscles are strong. (Str +2)
Your spells are a little easier to cast, but a little less powerful.
You expend magic power (3 MP) to strengthen your wands.


Message History

Something hits you.
* * * LOW HITPOINT WARNING * * *
The leopard gecko splashes around in the water.
The ooze splashes around in the water.
Something barely misses you.
You feel better. Something closely misses you. The ooze closely misses you.
It was a potion of mutation.
You feel extremely strange.
You feel stronger.
You feel the urge to shout.
Your connection to magic feels subdued.
You feel your magical essence link to your wands.
Something hits you.
* * * LOW HITPOINT WARNING * * *
The ooze barely misses you. Something hits you!
* * * LOW HITPOINT WARNING * * *
It was a potion of brilliance.
You feel clever all of a sudden. Something closely misses you.
The ooze closely misses you.
You miss something. Something hits you.
* * * LOW HITPOINT WARNING * * *
The ooze closely misses you. Something hits you.
You die...

##≈≈≈≈≈≈≈#########≈≈≈.≈≈≈##
##≈≈≈≈≈####≈≈.≈≈.≈####.≈.≈≈##
#≈≈≈≈###.≈.≈..≈≈≈≈≈≈.###≈†≈≈##
≈≈≈.##≈≈≈≈≈#######≈≈≈≈≈##≈≈≈≈#
≈≈≈##≈≈≈≈###≈≈≈≈≈###≈≈.≈##≈.≈##
≈≈≈#≈.†≈##≈≈≈≈≈≈.≈≈##≈..≈#≈≈≈.#
†≈##≈≈.##≈≈≈≈≈≈..≈≈≈##≈≈≈##≈≈≈##
≈≈#≈≈≈≈# ≈≈...$.$.≈≈≈#≈.≈≈#.≈≈.#
.≈#.≈≈≈# ≈≈≈.≈.(@?.≈≈#≈≈..#††.∩#
..#≈≈.≈# ≈≈≈≈≈≈≈.J≈≈≈#≈.≈≈#≈≈≈.#
.≈##≈≈≈##≈≈≈≈.≈≈≈l≈†≈#≈≈≈##.≈≈##
≈≈≈#≈≈≈≈##≈≈≈≈≈≈.≈.≈≈#≈≈≈#.≈≈≈#
≈≈≈##≈≈≈≈###≈≈≈.≈#≈≈##≈≈##.≈.##
≈≈≈.##.≈≈≈≈#######≈≈#††##≈≈≈≈#
#≈.≈≈###≈.≈≈..≈≈..≈##≈†#≈≈≈.##
##.≈≈≈≈####≈.≈≈≈≈..#.≈≈≈≈≈.##
##≈≈≈≈≈†≈#≈∩.#######≈≈≈####


You could see an ooze and a leopard gecko (confused).

Vanquished Creatures
  A bullfrog (Sewer)
  Crazy Yiuf (D:2)
  Natasha (twice) (D:3)
  9 adders
  15 oozes (Sewer)
  2 worms
  2 dart slugs
  10 leopard geckos
  17 giant cockroaches
  7 goblins
  3 hobgoblins
  7 ball pythons (Sewer)
  4 bats
  14 frilled lizards
  3 kobolds
  11 rats
108 creatures vanquished.

Notes
Turn   | Place    | Note
-------+----------+-------------------------------------------
     0 | D:1      | Chiseanne the Demonspawn Wanderer began the quest for the Orb.
     0 | D:1      | Chiseanne set off with: a +2 short sword, a potion of lignification, a wand of random effects (15), a +0 robe, a ration
     0 | D:1      | Reached XP level 1. HP: 18/18 MP: 3/3
   189 | D:1      | Gained mutation: You sometimes gain a little power by taking damage. [demonic ancestry]
   189 | D:1      | Reached XP level 2. HP: 24/24 MP: 5/5
   961 | D:2      | Gained mutation: You are surrounded by a mild repulsion field. (EV +2) [demonic ancestry]
   961 | D:2      | Reached XP level 3. HP: 22/29 MP: 6/6
  1166 | D:2      | Reached skill level 1 in Armour
  1966 | D:2      | Found a runed door.
  2112 | D:2      | Noticed Crazy Yiuf
  2119 | D:2      | Killed Crazy Yiuf
  2119 | D:2      | Gained mutation: You are surrounded by a moderate repulsion field. (EV +3) [demonic ancestry]
  2119 | D:2      | Reached XP level 4. HP: 37/37 MP: 7/7
  2208 | D:3      | Reached skill level 4 in Fighting
  2215 | D:3      | Found a radiant altar of Vehumet.
  2246 | D:3      | Noticed Natasha
  2255 | D:3      | Killed Natasha
  2306 | D:3      | Noticed Natasha
  2312 | D:3      | Killed Natasha
  2312 | D:3      | Gained mutation: You are surrounded by a strong repulsion field. (EV +4, RMsl) [demonic ancestry]
  2312 | D:3      | Reached XP level 5. HP: 42/42 MP: 8/8
  2433 | D:3      | Found a glowing drain.
  2461 | Sewer    | Entered a sewer
  2953 | Sewer    | Reached XP level 6. HP: 49/49 MP: 9/9
  3215 | Sewer    | Reached skill level 5 in Fighting
  3239 | Sewer    | Gained mutation: Your muscles are strong. (Str +2) [potion of mutation]
  3239 | Sewer    | Gained mutation: You occasionally shout uncontrollably at your foes. [potion of mutation]
  3239 | Sewer    | Gained mutation: Your spells are a little easier to cast, but a little less powerful. [potion of mutation]
  3239 | Sewer    | Gained mutation: You expend magic power (3 MP) to strengthen your wands. [potion of mutation]
  3241 | Sewer    | Slain by a bullfrog

Vault maps used:
D:1:      scummos_arrival_star, lemuel_another_geyser
D:2:      uniq_crazy_yiuf_cottage
D:3:      vehumet_crystals, portal_sewer_entry_a, kennysheep_nondescript,
          hangedman_abyss_or_decor_stabs, uniq_natasha
Sewer:    sewer_frog_island_02

Skill      XL: |  1  2  3  4  5  6 |
---------------+-------------------+-----
Armour         | 1 2 3 |  3.1
Dodging        | 2 3 |  3.6
Fighting       | 4 5 |  5.0
Short Blades   | |  1.0
Spellcasting   | |  2.0
Necromancy     | |  1.1
Evocations     | |  2.0

Action                   |  1- 3 |  4- 6 || total
-------------------------+-------+-------++-------
Melee: Short sword       |   109 |       ||   109
       Quarterstaff      |       |   234 ||   234
  Use: Scroll            |     3 |     4 ||     7
       Potion            |     2 |     6 ||     8
 Stab: Petrified         |       |     1 ||     1
       Paralysed         |       |     1 ||     1
  Eat: Chunk             |     4 |     4 ||     8
Armor: Robe              |     6 |       ||     6
       Ring mail         |    30 |   141 ||   171
       Skin              |     1 |       ||     1
Dodge: Dodged            |    67 |   356 ||   423

Table legend:
 A = Spawn XP
 B = Non-spawn XP
 C = Spawn XP percentage of total XP
 D = Spawn monster count
 E = Non-spawn monster count
 F = Spawn count percentage of total count
 G = Total turns spent on level
                    A         B        C        D         E        F      G
               +---------+---------+-------+---------+---------+-------+---------
         Total |       0 |     571 |   0.0 |       0 |     108 |   0.0 |  3241
               +---------+---------+-------+---------+---------+-------+---------
           D:1 |       0 |      32 |   0.0 |       0 |      21 |   0.0 |   953
           D:2 |       0 |      97 |   0.0 |       0 |      10 |   0.0 |  1246
           D:3 |       0 |     111 |   0.0 |       0 |      17 |   0.0 |   262
         Sewer |       0 |     331 |   0.0 |       0 |      60 |   0.0 |   780
               +---------+---------+-------+---------+---------+-------+---------
